 Dungeon Crawl Stone Soup version 0.32-a0-876-gcfddb08e57 (webtiles) character file.

Game seed: 6067047165931375451

2321 Autsider the Conjurer (level 9, -3/49 HPs)
             Began as a Deep Elf Hedge Wizard on Mar 31, 2024.
             Was an Initiate of Sif Muna.
             Slain by a vampire mosquito (5 damage)
             ... on level 6 of the Dungeon.
             The game lasted 00:31:53 (9520 turns).

Autsider the Conjurer (Deep Elf Hedge Wizard)       Turns: 9520, Time: 00:31:54

Health: -3/49      AC:  4    Str:  7    XL:     9   Next: 19%
Magic:  20/26      EV: 12    Int: 24    God:    Sif Muna [......]
Gold:   267        SH:  0    Dex: 14    Spells: 10/16 levels left

rFire   . . .        (no weapon)
rCold   . . .        (no shield)
rNeg    . . .        b - +0 robe
rPois   .            B - +0 helmet
rElec   .            (no cloak)
rCorr   .            g - +0 pair of gloves
SInv    .            (no boots)
Will    +....        (no amulet)
Stlth   +++          y - ring of magical power
HPRegen 0.28/turn    m - ring of willpower
MPRegen 0.20/turn

%: no passive effects
@: no status effects
A: no striking features
a: Renounce Religion


You were on level 6 of the Dungeon.
You worshipped Sif Muna.
Sif Muna was noncommittal.
You visited 2 branches of the dungeon, and saw 8 of its levels.
You also visited: Sewer.

You collected 267 gold pieces.

Inventory:

Missiles
 F - 2 throwing nets
Armour
 b - a +0 robe (worn)
 c - a +0 hat
 g - a +0 pair of gloves (worn)
 u - a +1 leather armour of fire resistance
 B - a +0 helmet (worn)
 H - a +1 leather armour of poison resistance
Jewellery
 e - a ring of protection from cold
 j - a ring of protection from cold
 m - a ring of willpower (right hand)
 y - a ring of magical power (left hand)
 E - a ring of positive energy
 J - a +6 ring of strength
Talismans
 k - a storm talisman
 I - a flux talisman
Wands
 o - a wand of mindburst (15)
 v - a wand of roots (6)
 w - a wand of polymorph (6)
 L - a wand of charming (16)
Scrolls
 h - 4 scrolls of identify
 p - a scroll of poison
 q - 3 scrolls of revelation
 t - a scroll of immolation
 x - 3 scrolls of teleportation {unknown}
 C - a scroll of fog
 G - 2 scrolls of fear
 K - a scroll of blinking {unknown}
Potions
 a - a potion of cancellation {unknown}
 d - 2 potions of magic
 f - 3 potions of might
 i - a potion of resistance {unknown}
 l - a potion of degeneration {unknown}
 r - 2 potions of attraction {unknown}
 s - a potion of lignification {unknown}
 z - 2 potions of curing {unknown}
 A - a potion of ambrosia {unknown}
 D - 6 potions of haste {unknown}


   Skills:
 + Level 2.4 Fighting
 + Level 4.3 Dodging
 - Level 4.0 Stealth
 - Level 4.4 Spellcasting
 + Level 7.8 Conjurations
 + Level 7.6 Summonings
 + Level 3.1 Translocations
 - Level 3.0 Air Magic
 - Level 3.0 Alchemy


You had 10 spell levels left.
You knew the following spells:

 Your Spells              Type           Power      Damage    Failure   Level
a - Magic Dart            Conj           100%       1d8       1%          1
b - Mephitic Cloud        Conj/Alch/Air  27%        N/A       4%          3
A - Call Imp              Summ           82%        N/A       1%          2

Your spell library contained the following spells:

 Spells                   Type           Power      Damage    Failure   Level
 Blink                    Tloc           40%        N/A       4%          2
 Cigotuvi's Dreadful Rot  Necr/Alch/Air  28%        N/A       6%          2
 Slow                     Hex            20%        N/A       10%         1
 Ensorcelled Hibernation  Hex/Ice        10%        N/A       14%         2
 Fugue of the Fallen      Necr           5%         N/A       28%         3
 Summon Forest            Summ/Tloc      15%        N/A       28%         5
 Summon Mana Viper        Hex/Summ       23%        N/A       50%         5
 Summon Cactus Giant      Summ           20%        N/A       54%         6
 Anguish                  Hex/Necr       2%         N/A       67%         4


Dungeon Overview and Level Annotations

Branches:
Dungeon (7/15)             Temple (1/1) D:6           Sewer (visited)

Altars:
Ashenzari
Cheibriados
Dithmenos
Elyvilon
Fedhas
Gozag
Hepliaklqana
Kikubaaqudgha
Makhleb
Nemelex Xobeh
Okawaru
Qazlal
Ru
Sif Muna
Trog
Uskayaw
Vehumet
Wu Jian
Xom
Yredelemnul
Zin
The Shining One

Shops:
D:2 ?

Annotations:
D:3 exclusion: 2 downstairs
D:6 exclusions: 2 downstairs and statue


Message History

The vampire mosquito draws strength from your injuries!
Unknown command.
Your cerulean imp barely misses the vampire mosquito.
The vampire mosquito closely misses you.
The vampire mosquito barely misses your cerulean imp.
Your cerulean imp misses the vampire mosquito.
The vampire mosquito closely misses your cerulean imp.
The vampire mosquito bites your cerulean imp.
Your cerulean imp hits the vampire mosquito but does no damage.
The vampire mosquito closely misses your cerulean imp.
The vampire mosquito barely misses your cerulean imp.
Your cerulean imp closely misses the vampire mosquito.
Something bites your cerulean imp!
Your cerulean imp dies!
Your cerulean imp disappears in a puff of smoke!
Casting: Call Imp (safe; 1% risk of failure)
Confirm with . or Enter, or press ? or * to list all spells.
A tiny devil pulls itself out of the air.
The vampire mosquito attacks as it pursues you!
The vampire mosquito closely misses you.
Your cerulean imp barely misses the vampire mosquito.
The vampire mosquito bites your cerulean imp!
The vampire mosquito misses your cerulean imp.
Your cerulean imp hits the vampire mosquito but does no damage.
Your cerulean imp barely misses the vampire mosquito.
The vampire mosquito bites you but does no damage.
Your cerulean imp hits the vampire mosquito from afar with a +0 spear.
The vampire mosquito bites you!
* * * LOW HITPOINT WARNING * * *
The vampire mosquito draws strength from your injuries!
The vampire mosquito attacks as it pursues you!
The vampire mosquito barely misses you.
The vampire mosquito bites you but does no damage.
The vampire mosquito barely misses you.
Casting: Call Imp (safe; 1% risk of failure)
Confirm with . or Enter, or press ? or * to list all spells.
A tiny devil pulls itself out of the air.
Your cerulean imp disappears in a puff of smoke!
The vampire mosquito bites you.
You die...

#..## #.#####. #...#
#.#.....
#...######.......
##.#...#..#.......
#..##.............
#.###...#.........
#.###...##........
#.##..............
#@#...⌠....#......
#y5...............
####.#.⌠.>.⌠.........
##..§.#...............
#...#.#...⌠...........
#..........###........
#....####.## #........
#...## #.# #..#.....
#.### ##.# ##.#####..


You could see a vampire mosquito (ally target) and a friendly cerulean imp
(summoned).

Vanquished Creatures
  Jeremiah (D:7)
  Edmund (D:6)
  A water moccasin (D:5)
  An orc warrior (D:7)
  3 ogres
  A phantom (D:4)
  6 kobold brigands
  A bullfrog (D:4)
  A brain worm (Sewer)
  A gnoll sergeant (D:7)
  A bombardier beetle (D:3)
  A hound (D:5)
  An orc priest (D:5)
  A sleepcap (D:5)
  An iguana (D:5)
  6 orc wizards
  Robin (D:4)
  4 gnolls
  8 adders
  A river rat (Sewer)
  A white imp (D:6)
  An ufetubus (D:5)
  6 dart slugs
  5 ribbon worms
  13 orcs
  8 endoplasms
  2 giant cockroaches
  15 goblins
  7 hobgoblins
  18 kobolds
  4 quokkas
  4 ball pythons
  7 bats
  5 frilled lizards
  5 rats
143 creatures vanquished.

Vanquished Creatures (collateral kills)
  A brain worm (Sewer)
  A jelly (D:5)
  A hound (D:4)
  A sleepcap (D:6)
  An orc wizard (D:3)
  2 gnolls (D:2)
  An adder (D:5)
  An ufetubus (D:5)
  A dart slug (D:2)
  A ribbon worm (Sewer)
  4 orcs
  An endoplasm (D:1)
  2 goblins
  A hobgoblin (D:1)
  A quokka (D:1)
  A kobold (D:1)
  3 rats
24 creatures vanquished.

Vanquished Creatures (others)
  An orc wizard (D:5)
1 creature vanquished.

Grand Total: 168 creatures vanquished

Notes
Turn   | Place    | Note
-------+----------+-------------------------------------------
     0 | D:1      | Autsider the Deep Elf Hedge Wizard began the quest for the
                  | Orb.
     0 | D:1      | Reached XP level 1. HP: 10/10 MP: 7/7
    25 | D:1      | Found a faded altar of an unknown god.
   590 | D:1      | Reached XP level 2. HP: 15/15 MP: 3/9
   690 | D:1      | Learned a level 2 spell: Call Imp
   723 | D:1      | Reached skill level 1 in Alchemy
   784 | D:1      | Reached skill level 1 in Air Magic
  1247 | D:1      | Reached XP level 3. HP: 19/19 MP: 4/10
  1884 | D:2      | Reached XP level 4. HP: 24/24 MP: 3/12
  3015 | D:2      | Found Ecukeg's Magic Scroll Boutique.
  3047 | D:3      | Reached XP level 5. HP: 28/28 MP: 7/13
  3051 | D:3      | Learned a level 3 spell: Mephitic Cloud
  3999 | D:4      | Noticed an ogre
  4136 | D:4      | Reached XP level 6. HP: 27/32 MP: 5/14
  4163 | D:4      | Noticed Robin
  4175 | D:4      | Killed Robin
  4590 | D:4      | Reached XP level 7. HP: 36/36 MP: 5/15
  4712 | D:4      | Reached skill level 5 in Conjurations
  4896 | D:4      | Found a glowing silver altar of Zin.
  5148 | D:5      | Entered Level 5 of the Dungeon
  5286 | D:5      | Found a glowing drain.
  5297 | D:5      | Reached skill level 5 in Summonings
  5406 | Sewer    | Entered a sewer
  6249 | Sewer    | Reached XP level 8. HP: 41/41 MP: 8/16
  7295 | D:5      | Reached skill level 1 in Fighting
  7931 | D:6      | Noticed Edmund
  7944 | D:6      | Killed Edmund
  8116 | D:6      | Found a radiant altar of Vehumet.
  8145 | D:6      | Found a hide-covered altar of Uskayaw.
  8206 | D:6      | Found a staircase to the Ecumenical Temple.
  8233 | Temple   | Entered the Ecumenical Temple
  8253 | Temple   | Became a worshipper of Sif Muna the Loreminder
  8718 | D:7      | Noticed Jeremiah
  8723 | D:7      | Killed Jeremiah
  8724 | D:7      | Reached XP level 9. HP: 43/48 MP: 17/17
  9517 | D:6      | HP: 2/49 [vampire mosquito (9)]
  9520 | D:6      | Slain by a vampire mosquito

Illustrated notes

Levels and vault maps discovered:
D:1:      onia_arrival_mini_spirals, layout_basic, basic_ecumenical_altar,
          chequers_serial_rivers_micro_e
D:2:      layout_basic, serial_shops, nicolae_shop_rolled_up
D:3:      layout_rooms
D:4:      layout_cave_pools, zin_treasury, nrook_mini_backslash, uniq_robin
D:5:      layout_basic, cheibrodos_sewer_entry_drain,
          minmay_a_box_with_orc_wizards_in_it
D:6:      layout_rooms, nicolae_uskayaw_suspiria, vehumet_statue,
          temple_fountains, uniq_edmund
D:7:      layout_loops_corners, chequers_serial_rivers_micro_a,
          nicolae_wooded_promenade, uniq_jeremiah
Temple:   nicolae_temple_bog_church

Skill      XL: |  1  2  3  4  5  6  7  8  9 |
---------------+----------------------------+-----
Alchemy        | 1 2 3 |  3.0
Air Magic      | 1 2 3 |  3.0
Conjurations   | 2 3 4 6 7 |  7.8
Summonings     | 2 3 4 6 7 |  7.6
Stealth        | 4 |  4.0
Fighting       | 2 |  2.4
Dodging        | 4 |  4.3
Translocations | 2 3 |  3.1
Spellcasting   | |  4.4

Action                     |  1- 3 |  4- 6 |  7- 9 || total
---------------------------+-------+-------+-------++-------
  Melee: Unarmed           |       |       |    10 ||    10
   Cast: Magic Dart        |    84 |   170 |   276 ||   530
         Call Imp          |     6 |    18 |    41 ||    65
         Mephitic Cloud    |       |       |     8 ||     8
  Evoke: Wand              |       |     1 |     9 ||    10
    Use: Scroll            |     3 |       |     7 ||    10
         Potion            |       |       |     2 ||     2
 Armour: Robe              |    14 |    20 |    85 ||   119
  Dodge: Dodged            |    14 |    30 |    59 ||   103

Table legend: (Time is in decaauts)
 A = Elapsed time spent in this place.
 B = Non-inter-level travel time spent in this place.
 C = Inter-level travel time spent in this place.
 D = Time resting spent in this place.
 E = Time spent auto-exploring this place.
 F = Levels seen in this place.
 G = Mean time per level.
                   A        B        C        D        E       F      G
               +--------+--------+--------+--------+--------+-----+--------+
         Total |   9693 |   9354 |    339 |   1624 |   5990 |   9 | 1077.0 |
       Dungeon |   8150 |   7850 |    300 |   1406 |   5017 |   7 | 1164.3 |
        Temple |     40 |      1 |     39 |      0 |      0 |   1 |   40.0 |
         Sewer |   1502 |   1502 |      0 |    218 |    973 |   1 | 1502.0 |
               +--------+--------+--------+--------+--------+-----+--------+

Top non-repeatable levels by time:
     D:2: 1582 daAuts
     D:1: 1552 daAuts
   Sewer: 1502 daAuts
     D:5: 1443 daAuts
     D:6: 1189 daAuts
     D:4: 1104 daAuts
     D:3: 909 daAuts
     D:7: 369 daAuts
  Temple: 40 daAuts
